 Dungeon Crawl Stone Soup version 0.28-a0-1429-gf3d713df7a (webtiles) character file.

Game seed: 8646863139471651462

84 zap2161 the Chucker (level 4, -11/27 HPs)
             Began as a Kobold Hunter on Jan 8, 2022.
             Was an Initiate of Ashenzari.
             Killed by divine providence
             ... invoked by an orc priest
              (16 damage)
             ... on level 3 of the Dungeon.
             The game lasted 00:09:33 (2252 turns).

zap2161 the Chucker (Kobold Hunter)                 Turns: 2252, Time: 00:09:34

Health: -11/27     AC:  3    Str:  9    XL:     4   Next: 74%
Magic:  4/4        EV: 15    Int: 18    God:    Ashenzari [......]
Gold:   28         SH:  0    Dex: 17    Spells: 3/3 levels left

rFire   . . .      SeeInvis .   a - +0 short sword
rCold   . . .      Faith    .   (no shield)
rNeg    . . .      Spirit   .   r - +0 robe of the Enigmatic Oblivion {Bglg, Alch} (curse)
rPois   .          Reflect  .   (no helmet)
rElec   .          Harm     .   (no cloak)
rCorr   .          Rampage  .   (no gloves)
Will    .....                   e - +0 pair of boots
Stlth   +++.......              (no amulet)
HPRegen 0.09/turn               s - +6 ring of intelligence
MPRegen 0.09/turn               (no ring)

@: no status effects
A: small, no large weapons, nightstalker 3
a: Renounce Religion, Shatter the Chains


You were on level 3 of the Dungeon.
You worshipped Ashenzari.
Ashenzari was noncommittal.
You visited 1 branch of the dungeon, and saw 3 of its levels.

You collected 28 gold pieces.

Inventory:

Hand Weapons
 a - a +0 short sword (weapon)
 n - a +0 whip of venom
Missiles
 c - 9 boomerangs (quivered)
 d - 2 throwing nets
 h - 57 stones
 p - 8 sling bullets
Armour
 e - a +0 pair of boots (worn)
 m - a +0 chain mail
 r - the cursed +0 robe of the Enigmatic Oblivion (worn) {Bglg, Alch}
   (You found it on level 2 of the Dungeon)

   It has a curse which improves the following skills: Beguiling: Conjurations,
   Hexes and Translocations.
   Alchemy:   Poison Magic and Transmutations.
Jewellery
 s - a +6 ring of intelligence (left hand)
Scrolls
 f - 2 scrolls of enchant weapon {unknown}
 g - a scroll of blinking {unknown}
 j - 2 scrolls of magic mapping {unknown}
 o - a scroll of enchant armour {unknown}
 q - 2 scrolls of identify {unknown}
 t - a scroll of brand weapon {unknown}
 u - a scroll of noise {unknown}
 v - a scroll of teleportation {unknown}
Potions
 b - a potion of heal wounds {unknown}
 i - a potion of degeneration {unknown}
 k - 3 potions of curing {unknown}
 l - a potion of might {unknown}
 w - a potion of lignification {unknown}


   Skills:
 * Level 2.5 Fighting
 * Level 1.7 Short Blades
 * Level 5.7 Throwing
 * Level 3.0 Dodging
 - Level 1.3 Stealth


You had 3 spell levels left.
You didn't know any spells.
Your spell library was empty.

Dungeon Overview and Level Annotations

Branches:
Dungeon (3/15)

Altars:
Ashenzari

Shops:
D:1 ?


Innate Abilities, Weirdness & Mutations

You are small and have problems with some larger weapons.
You are completely attuned to the shadows.


Message History

The orc priest is severely wounded.
The orc priest miscasts a cantrip.
You hit the orc priest but do no damage.
The orc priest is severely wounded.
The orc priest hits you with a +0 dagger.
An orc priest comes into view. It is wielding a +0 mace.
The orc priest shouts!
You hit the orc priest.
You kill the orc priest!
You hear a shout!
Your Dodging skill increases to level 3!
Throw: 9 boomerangs
Press: ? - help, Q - select action, (/) - cycle Shift-Dir - straight line, f - orc priest, p - orc
Aim: an orc priest, wielding a +0 mace and wearing a +0 ring mail (66% to hit)
You throw a boomerang. The boomerang hits the orc.
The orc is moderately wounded.
The orc priest calls upon Beogh to heal the orc.
The orc's wounds heal themselves!
The orc misses you.
Throw: 9 boomerangs
Press: ? - help, Q - select action, (/) - cycle Shift-Dir - straight line, f/p - orc priest
Aim: an orc priest, wielding a +0 mace and wearing a +0 ring mail (66% to hit)
You throw a boomerang.
The boomerang hits the orc but does no damage.
The orc priest invokes the aid of Beogh against you.
Beogh smites you!
Ouch! That really hurt!
* * * LOW HITPOINT WARNING * * *
You hear a shout!
Throw: 9 boomerangs
Press: ? - help, Q - select action, (/) - cycle Shift-Dir - straight line, f/p - orc priest
Aim: an orc priest, wielding a +0 mace and wearing a +0 ring mail (66% to hit)
You throw a boomerang.
The boomerang barely misses the orc priest.
An orc comes into view. It is wielding a +0 hand axe.
The orc barely misses you.
You hit the orc but do no damage.
The orc priest calls down the wrath of Beogh upon you.
Beogh smites you!
Ouch! That really hurt!
You die...

.. ..#### #...#
#...#####
#.......#
#...##.##
..#..@#.# .
#o#o#.#
...o.#.######
.#...#......#...#
....#######.#...#
..#. #.#...#.#
#.#...#.###
##........##
...........##


You could see an orc priest and 2 orcs.

Vanquished Creatures
  An orc priest (D:3)
  A worm (D:2)
  3 dart slugs
  3 ball pythons
  6 endoplasms
  2 giant cockroaches (D:1)
  6 goblins
  5 hobgoblins
  2 quokkas (D:1)
  4 bats
  5 frilled lizards
  A kobold (D:1)
  7 rats
46 creatures vanquished.

Notes
Turn   | Place    | Note
-------+----------+-------------------------------------------
     0 | D:1      | zap2161 the Kobold Hunter began the quest for the Orb.
     0 | D:1      | Reached XP level 1. HP: 12/12 MP: 1/1
   264 | D:1      | Found a faded altar of an unknown god.
   269 | D:1      | Prayed at the altar of an unknown god.
   269 | D:1      | Became a worshipper of Ashenzari the Shackled
   277 | D:1      | Reached XP level 2. HP: 17/17 MP: 2/2
   475 | D:1      | Reached skill level 5 in Throwing
   486 | D:1      | Reached XP level 3. HP: 21/21 MP: 3/3
   636 | D:1      | Reached skill level 1 in Short Blades
   723 | D:1      | Found Tuulet's Magic Scroll Shoppe.
  1556 | D:2      | Reached XP level 4. HP: 26/27 MP: 4/4
  2252 | D:3      | Killed from afar by an orc priest

Illustrated notes

Levels and vault maps discovered:
D:1:      saegor_arrival_simple_c, layout_basic, ebering_ecumenical_altar_mist,
          serial_shops, shop, serial_forest, infiniplex_forest_end_double,
          infiniplex_forest_lined_2, infiniplex_forest_straight_4,
          infiniplex_forest_lined_2, infiniplex_forest_lined_3,
          infiniplex_forest_straight_1, infiniplex_forest_lined_1,
          nrook_loot_triangle, hex_large
D:2:      layout_basic
D:3:      layout_basic, kennysheep_nub

Skill      XL: |  1  2  3  4 |
---------------+-------------+-----
Throwing       | 5 |  5.7
Short Blades   | 1 |  1.7
Dodging        | 3 |  3.0
Fighting       | |  2.5
Stealth        | |  1.3

Action                   |  1- 3 |  4- 6 || total
-------------------------+-------+-------++-------
Melee: Short sword       |    28 |     7 ||    35
       Punch             |       |     1 ||     1
Throw: Boomerang         |    67 |    19 ||    86
Invok: Curse Item        |     1 |     1 ||     2
       Shatter the Chain |     1 |       ||     1
Armor: Leather armour    |     3 |       ||     3
       Robe              |       |     1 ||     1
Dodge: Dodged            |    23 |     8 ||    31

Table legend: (Time is in decaauts)
 A = Elapsed time spent in this place.
 B = Non-inter-level travel time spent in this place.
 C = Inter-level travel time spent in this place.
 D = Time resting spent in this place.
 E = Time spent auto-exploring this place.
 F = Levels seen in this place.
 G = Mean time per level.
                   A        B        C        D        E       F      G
               +--------+--------+--------+--------+--------+-----+--------+
         Total |   2257 |   2257 |      0 |      0 |   1837 |   3 |  752.3 |
       Dungeon |   2257 |   2257 |      0 |      0 |   1837 |   3 |  752.3 |
               +--------+--------+--------+--------+--------+-----+--------+

Top non-repeatable levels by time:
     D:1: 1108 daAuts
     D:2: 1081 daAuts
     D:3: 66 daAuts
